 Dungeon Crawl Stone Soup version 0.30-a0-23-ge60ba3568b (webtiles) character file.

Game seed: 4182992941113266163

151 pokeman the Magician (level 5, 0/29 HPs)
             Began as a Deep Elf Hedge Wizard on Aug 24, 2022.
             Slain by an ice beast (10 damage)
             ... on level 6 of the Dungeon.
             The game lasted 00:03:34 (3091 turns).

pokeman the Magician (Deep Elf Hedge Wizard)        Turns: 3091, Time: 00:03:34

Health: 0/29       AC:  3    Str:  7    XL:     5   Next: 11%
Magic:  1/15       EV: 13    Int: 21    God:
Gold:   49         SH:  0    Dex: 14    Spells: 5/16 levels left

rFire   . . .      SeeInvis .    g - +0 mace
rCold   . . .      Faith    .    (no shield)
rNeg    . . .      Spirit   .    b - +0 robe
rPois   .          Reflect  .    c - +0 hat
rElec   .          Harm     .    (no cloak)
rCorr   .          Rampage  .    o - +0 pair of gloves
Will    .....                    (no boots)
Stlth   ++........               (no amulet)
HPRegen 0.09/turn                (no ring)
MPRegen 0.14/turn                (no ring)

@: no status effects
A: no striking features
a: no special abilities


You were on level 6 of the Dungeon.
You visited 1 branch of the dungeon, and saw 4 of its levels.

You collected 49 gold pieces.

Inventory:

Hand Weapons
 g - a +0 mace (weapon)
Armour
 b - a +0 robe (worn)
 c - a +0 hat (worn)
 m - a +0 kite shield
 o - a +0 pair of gloves (worn)
Magical Staves
 j - a staff of poison
Scrolls
 e - 5 scrolls of identify {unknown}
 k - a scroll of vulnerability {unknown}
 l - 2 scrolls of fog {unknown}
 p - 3 scrolls of teleportation {unknown}
Potions
 d - a potion of magic
 f - a potion of cancellation {unknown}
 h - a potion of brilliance {unknown}
 i - a potion of might {unknown}
 n - 3 potions of curing {unknown}
 q - a potion of haste {unknown}
 r - a potion of resistance {unknown}


   Skills:
 - Level 1.0 Fighting
 - Level 1.0 Armour
 + Level 3.1 Dodging
 - Level 2.4 Stealth
 + Level 0.8 Shields
 * Level 6.0 Spellcasting
 + Level 2.5 Conjurations
 - Level 1.1 Summonings
 - Level 1.1 Translocations


You had 5 spell levels left.
You knew the following spells:

 Your Spells              Type           Power      Damage    Failure   Level
a - Magic Dart            Conj           64%        1d6       3%          1
b - Mephitic Cloud        Conj/Pois/Air  9%         N/A       21%         3
c - Call Imp              Summ           11%        N/A       10%         2
d - Blink                 Tloc           22%        N/A       10%         2
e - Conjure Flame         Conj/Fire      11%        6-21      17%         3

Your spell library contained the following spells:

 Spells                   Type           Power      Damage    Failure   Level
 Slow                     Hex            24%        N/A       10%         1


Dungeon Overview and Level Annotations

Branches:
Dungeon (3/15)

Altars:


Message History

Press: ? - help, Shift-Dir - straight line, f/p - ice beast
Aim: an ice beast (heavily wounded, 100% to hit)
The magic dart hits the ice beast but does no damage.
The ice beast is heavily wounded.
The ice beast barely misses you.
Casting: Magic Dart (safe; 3% risk of failure)
Confirm with . or Enter, or press ? or * to list all spells.
Aiming: Magic Dart (safe; 3% risk of failure)
Press: ? - help, Shift-Dir - straight line, f/p - ice beast
Aim: an ice beast (moderately wounded, 100% to hit)
The magic dart hits the ice beast but does no damage.
The ice beast is moderately wounded.
The ice beast closely misses you.
Casting: Magic Dart (safe; 3% risk of failure)
Confirm with . or Enter, or press ? or * to list all spells.
Aiming: Magic Dart (safe; 3% risk of failure)
Press: ? - help, Shift-Dir - straight line, f/p - ice beast
Aim: an ice beast (moderately wounded, 100% to hit)
The magic dart hits the ice beast but does no damage.
The ice beast is moderately wounded.
The ice beast closely misses you.
Casting: Magic Dart (safe; 3% risk of failure)
Confirm with . or Enter, or press ? or * to list all spells.
You don't have enough magic to cast this spell.
Unknown command.
Casting: Magic Dart (safe; 3% risk of failure)
Confirm with . or Enter, or press ? or * to list all spells.
You don't have enough magic to cast this spell.
Unknown command.
Casting: Magic Dart (safe; 3% risk of failure)
Confirm with . or Enter, or press ? or * to list all spells.
You don't have enough magic to cast this spell.
Unknown command.
You hit the ice beast.
The ice beast is heavily wounded.
The ice beast misses you.
You hit the ice beast.
The ice beast is heavily wounded.
The ice beast hits you. The ice beast freezes you!
You die...

### #@# ##Y##
#...############
#..............####
.....#................
l......................
.......................
.......................
.......................


You could see an ice beast.

Vanquished Creatures
  2 hounds
  3 adders
  A white imp (D:6)
  A worm (D:2)
  2 dart slugs
  An orc (D:3)
  7 endoplasms
  2 giant cockroaches
  3 goblins
  4 hobgoblins
  6 quokkas
  4 ball pythons
  2 bats
  A frilled lizard (D:2)
  5 kobolds
  4 rats
48 creatures vanquished.

Notes
Turn   | Place    | Note
-------+----------+-------------------------------------------
     0 | D:1      | pokeman the Deep Elf Hedge Wizard began the quest for the
                  | Orb.
     0 | D:1      | Reached XP level 1. HP: 10/10 MP: 7/7
   311 | D:1      | Reached XP level 2. HP: 16/16 MP: 6/9
   519 | D:1      | Found a faded altar of an unknown god.
   795 | D:1      | Reached skill level 5 in Spellcasting
  1066 | D:2      | Reached XP level 3. HP: 20/20 MP: 7/11
  1070 | D:2      | Learned a level 3 spell: Mephitic Cloud
  1073 | D:2      | Learned a level 2 spell: Call Imp
  1076 | D:2      | Learned a level 2 spell: Blink
  1080 | D:2      | Learned a level 3 spell: Conjure Flame
  1536 | D:2      | Reached skill level 1 in Fighting
  1659 | D:2      | Reached skill level 1 in Armour
  2325 | D:2      | Reached XP level 4. HP: 25/25 MP: 11/13
  2807 | D:3      | You fall into a shaft and drop 3 floors!
  3041 | D:6      | Noticed an ice beast
  3052 | D:6      | Reached skill level 6 in Spellcasting
  3052 | D:6      | Reached XP level 5. HP: 8/29 MP: 9/15
  3091 | D:6      | Slain by an ice beast

Illustrated notes

Levels and vault maps discovered:
D:1:      dpeg_chamrin_arrival_tetris, layout_rooms,
          dreamdust_ecumenical_altar_statues, hangedman_decor_growths
D:2:      layout_basic
D:3:      layout_basic, tso_altar, uniq_grinder
D:6:      layout_layer_cave, uniq_blork_the_orc

Skill      XL: |  1  2  3  4 |
---------------+-------------+-----
Spellcasting   | 5 6 |  6.0
Fighting       | 1 |  1.0
Armour         | 1 |  1.0
Conjurations   | 2 |  2.5
Dodging        | 3 |  3.1
Stealth        | |  2.4
Shields        | |  0.8
Summonings     | |  1.1
Translocations | |  1.1

Action                   |  1- 3 |  4- 6 || total
-------------------------+-------+-------++-------
Melee: Mace              |       |     5 ||     5
 Cast: Magic Dart        |   108 |    50 ||   158
       Call Imp          |       |     1 ||     1
       Conjure Flame     |       |     1 ||     1
  Use: Potion            |       |     1 ||     1
Armor: Robe              |     1 |     2 ||     3
Dodge: Dodged            |     9 |    17 ||    26

Table legend: (Time is in decaauts)
 A = Elapsed time spent in this place.
 B = Non-inter-level travel time spent in this place.
 C = Inter-level travel time spent in this place.
 D = Time resting spent in this place.
 E = Time spent auto-exploring this place.
 F = Levels seen in this place.
 G = Mean time per level.
                   A        B        C        D        E       F      G
               +--------+--------+--------+--------+--------+-----+--------+
         Total |   3091 |   3053 |     38 |      0 |   2724 |   4 |  772.8 |
       Dungeon |   3091 |   3053 |     38 |      0 |   2724 |   4 |  772.8 |
               +--------+--------+--------+--------+--------+-----+--------+

Top non-repeatable levels by time:
     D:2: 1434 daAuts
     D:1: 1011 daAuts
     D:3: 359 daAuts
     D:6: 285 daAuts
